 Dungeon Crawl Stone Soup version 0.21-a0-496-g696f58f (webtiles) character file.

189 slep the Twirler (level 5, -2/45 HPs)
             Began as a Minotaur Gladiator on Nov 23, 2017.
             Killed from afar by Natasha (6 damage)
             ... with a wand of flame (7)
             ... on level 2 of the Dungeon.
             The game lasted 00:03:56 (1132 turns).

slep the Twirler (Minotaur Gladiator)               Turns: 1132, Time: 00:03:57

Health: -2/45      AC:  4    Str: 19    XL:     5   Next: 40%
Magic:  4/4        EV: 13    Int:  5    God:
Gold:   70         SH:  0    Dex: 12    Spells: 4/4 levels left

rFire    . . .     SeeInvis .   l - +0 short sword (flame)
rCold    . . .     Gourm    +   (no shield)
rNeg     . . .     Faith    .   b - +0 leather armour
rPois    .         Spirit   .   c - +0 hat
rElec    .         Reflect  .   q - +0 cloak
rCorr    .         Harm     .   (no gloves)
MR       .....                  (no boots)
Stlth    +.........             p - amulet of the gourmand
HPRegen  0.15/turn              (no ring)
MPRegen  0.09/turn              (no ring)

@: slowed, very slow
A: retaliatory headbutt, horns 2
a: no special abilities


You were on level 2 of the Dungeon.
You were not hungry.

You visited 1 branch of the dungeon, and saw 2 of its levels.

You collected 70 gold pieces.

Inventory:

Hand Weapons
 a - a +0 quarterstaff
 l - a +0 short sword of flaming (weapon)
Missiles
 d - 3 throwing nets (quivered)
Armour
 b - a +0 leather armour (worn)
 c - a +0 hat (worn)
 q - a +0 cloak (worn)
Jewellery
 j - an uncursed amulet of guardian spirit
 p - an amulet of the gourmand (around neck)
Scrolls
 k - a scroll of fear {unknown}
 n - 3 scrolls of identify {unknown}
 o - a scroll of fog {unknown}
 s - a scroll of amnesia {unknown}
Potions
 e - 4 potions of brilliance {unknown}
 h - a potion of degeneration {unknown}
 i - a potion of invisibility {unknown}
 m - a potion of heal wounds {unknown}
 r - a potion of curing {unknown}
 t - a potion of lignification {unknown}
Comestibles
 f - 2 bread rations
 g - a royal jelly


   Skills:
 + Level 3.3 Fighting
 + Level 1.8 Short Blades
 + Level 5.2 Staves
 + Level 2.1 Throwing
 + Level 2.0 Armour
 + Level 4.2 Dodging
 + Level 0.2 Stealth


You had 4 spell levels left.
You didn't know any spells.

Dungeon Overview and Level Annotations

Branches:
Dungeon (2/15)

Altars:

Annotations:
D:2 Natasha


Innate Abilities, Weirdness & Mutations

You reflexively headbutt those who attack you in melee.
You have a pair of horns on your head.


Message History

Found a stone staircase leading up.
n - 3 scrolls labeled MUNUQE QUOR AMAP (gained 1) Natasha hisses angrily.
Natasha zaps a wand.
The puff of flame hits you!
It is a wand of flame (8).
Natasha casts a spell at you.
You feel yourself slow down.
Natasha zaps a wand.
The puff of flame hits you!
* * * LOW HITPOINT WARNING * * *
Natasha completely misses you. You furiously retaliate!
You headbutt Natasha, but do no damage. Natasha claws you.
* * * LOW HITPOINT WARNING * * *
Found a quokka corpse.
You hit Natasha. You burn Natasha. Your headbutt misses Natasha.
Natasha is heavily wounded.
Natasha claws you.
* * * LOW HITPOINT WARNING * * *
You hit Natasha but do no damage.
Natasha is heavily wounded.
Natasha zaps a wand.
The puff of flame hits you!
You die...

#.# #### #.#
...###.### #
....†....# .#
.....#.#.#
########.###
.....#.#.#
#..........#
.....#.#.####.#......†
.......#...........##
.....#######.#..@h..#
............###..#.#.#
.....#######.#..## #
...>....<.....#..#
.###.########.#.#...
#.##.. ....#..... ##..
##.###..### #.##). #.
#.# #..# .# .# #. #.#
#..#


You could see Natasha.

Vanquished Creatures
  A water moccasin (D:2)
  Natasha (D:2)
  An adder (D:2)
  2 worms (D:2)
  2 dart slugs
  A leopard gecko (D:2)
  A giant cockroach (D:1)
  6 goblins (D:1)
  8 hobgoblins
  A jackal (D:1)
  5 kobolds
  7 bats
  2 frilled lizards (D:1)
  2 rats (D:1)
  A plant (D:1)
41 creatures vanquished.

Vanquished Creatures (others)
  A quokka (D:2)
  A frilled lizard (D:2)
2 creatures vanquished.

Grand Total: 43 creatures vanquished

Notes
Turn   | Place    | Note
-------+----------+-------------------------------------------
     0 | D:1      | slep the Minotaur Gladiator began the quest for the Orb.
     0 | D:1      | Reached XP level 1. HP: 18/18 MP: 0/0
   195 | D:1      | Reached XP level 2. HP: 25/25 MP: 1/1
   271 | D:1      | Reached skill level 4 in Staves
   627 | D:1      | Reached XP level 3. HP: 21/30 MP: 2/2
  1010 | D:2      | Reached skill level 1 in Short Blades
  1033 | D:2      | Noticed Natasha
  1034 | D:2      | Noticed a water moccasin
  1046 | D:2      | Killed a water moccasin
  1046 | D:2      | Reached skill level 5 in Staves
  1046 | D:2      | Reached skill level 1 in Armour
  1046 | D:2      | Reached XP level 4. HP: 25/38 MP: 3/3
  1046 | D:2      | Reached XP level 5. HP: 29/45 MP: 4/4
  1056 | D:2      | Killed Natasha
  1124 | D:2      | Noticed Natasha
  1132 | D:2      | Killed from afar by Natasha

Vault maps used:
D:1:      mrwooster_arrival_arrow, serial_forest, infiniplex_forest_straight_4,
          infiniplex_forest_straight_4, infiniplex_forest_lined_4_way,
          infiniplex_forest_end_3, infiniplex_forest_clump_medium,
          infiniplex_forest_end_2, infiniplex_forest_clump_small,
          infiniplex_forest_lined_room_3, serial_bayou_pond_b,
          minmay_strange_pillars, st_stairs_11
D:2:      overflow_temple_1_default, elyvilon_altar_4, uniq_natasha,
          uniq_terence

Skill      XL: |  1  2  3  4  5 |
---------------+----------------+-----
Staves         | 4 5 |  5.2
Short Blades   | 1 |  1.8
Fighting       | 3 |  3.3
Armour         | 1 2 |  2.0
Dodging        | 4 |  4.2
Throwing       | |  2.1
Stealth        | |  0.2

Action                   |  1- 3 |  4- 6 || total
-------------------------+-------+-------++-------
Melee: Quarterstaff      |    37 |       ||    37
       Short sword       |    51 |    16 ||    67
       Headbutt          |    12 |     4 ||    16
  Eat: Chunk             |       |     3 ||     3
Armor: Leather armour    |    13 |     3 ||    16
Dodge: Dodged            |    58 |     8 ||    66

Table legend:
 A = Spawn XP
 B = Non-spawn XP
 C = Spawn XP percentage of total XP
 D = Spawn monster count
 E = Non-spawn monster count
 F = Spawn count percentage of total count
 G = Total turns spent on level
                    A         B        C        D         E        F      G
               +---------+---------+-------+---------+---------+-------+---------
         Total |       0 |     270 |   0.0 |       0 |      40 |   0.0 |  1132
               +---------+---------+-------+---------+---------+-------+---------
           D:1 |       0 |      50 |   0.0 |       0 |      29 |   0.0 |   965
           D:2 |       0 |     220 |   0.0 |       0 |      11 |   0.0 |   167
               +---------+---------+-------+---------+---------+-------+---------
